 Dungeon Crawl Stone Soup version 0.30-b1-2-g02819fbbbe (webtiles) character file.

Game seed: 17095330590410174427

30 suse60 the Sneak (level 3, -6/26 HPs)
             Began as an Octopode Delver on June 13, 2023.
             Mangled by Eustachio
             ... wielding a +0 rapier
              (10 damage)
             ... on level 4 of the Dungeon.
             The game lasted 00:04:01 (180 turns).

suse60 the Sneak (Octopode Delver)                   Turns: 180, Time: 00:04:02

Health: -6/26      AC:  1    Str: 13    XL:     3   Next: 20%
Magic:  3/3        EV: 13    Int: 12    God:
Gold:   28         SH:  0    Dex: 13    Spells: 2/2 levels left

rFire   . . .        a - +0 short sword
rCold   . . .        (no shield)
rNeg    . . .        (helmet restricted)
rPois   .            (no amulet)
rElec   .            (no ring)
rCorr   .            (no ring)
SInv    .            (no ring)
Will    .....        (no ring)
Stlth   +++          (no ring)
HPRegen 0.24/turn    (no ring)
MPRegen 0.08/turn    (no ring)
                     (no ring)

%: no passive effects
@: silenced, hasted, very quick
A: almost no armour, amphibious, 8 rings, camouflage 1, gelatinous body 1,
(nimble swimmer 1), tentacles
a: no special abilities


You were on level 4 of the Dungeon.
You visited 1 branch of the dungeon, and saw 2 of its levels.

You collected 28 gold pieces.

Inventory:

Hand Weapons
 a - a +0 short sword (weapon)
Wands
 f - a wand of digging (3)
Scrolls
 b - a scroll of fog
 c - a scroll of magic mapping
 d - a scroll of fear
 h - a scroll of butterflies {unknown}


   Skills:
 + Level 3.3 Fighting
 + Level 2.4 Short Blades
 + Level 2.4 Dodging
 + Level 6.9 Stealth


You had 2 spell levels left.
You didn't know any spells.
Your spell library was empty.

Dungeon Overview and Level Annotations

Branches:
Dungeon (5/15)
 Temple: D:4-7

Altars:
Gozag

Annotations:
D:4 Eustachio


Innate Abilities, Weirdness & Mutations

You cannot wear most types of armour.
You are amphibious.
You can wear up to eight rings at the same time.
Your skin changes colour to match your surroundings (Stealth+).
Your rubbery body absorbs attacks. (AC +1, EV +1)
((You are camouflaged when in or above water. (Stealth+)))
You have tentacles for arms and can constrict up to eight enemies at once.


Message History

Eustachio hits you with a +0 rapier.
You completely miss Eustachio. You grab Eustachio.
Eustachio is moderately wounded.
You constrict Eustachio. Eustachio hits you with a +0 rapier.
You hit Eustachio but do no damage.
You squeeze Eustachio, but do no damage.
Eustachio is moderately wounded.
You constrict Eustachio, but do no damage.
You hit Eustachio.
Eustachio is moderately wounded.
You constrict Eustachio.
Eustachio asks, "How can you live without manners, virtues and honour?"
Eustachio hits you with a +0 rapier.
You hit Eustachio.
Eustachio is heavily wounded.
You constrict Eustachio. Eustachio hits you with a +0 rapier.
* * * LOW HITPOINT WARNING * * *
You hit Eustachio but do no damage.
You squeeze Eustachio, but do no damage.
Eustachio is heavily wounded.
You constrict Eustachio. Eustachio misses you.
You hit Eustachio. You squeeze Eustachio.
Eustachio is heavily wounded.
You constrict Eustachio.
Eustachio gestures wildly while chanting.
Eustachio blinks free!
As you read the scroll labelled CIS LEYGGURRO, it crumbles to dust.
A profound silence engulfs you.
It was a scroll of silence.
You feel yourself speed up.
You hit Eustachio. Your grab misses Eustachio.
Eustachio is severely wounded.
Eustachio hits you with a +0 rapier.
* * * LOW HITPOINT WARNING * * *
You closely miss Eustachio. You grab Eustachio.
Eustachio is severely wounded.
You constrict Eustachio. You hit Eustachio.
Eustachio is almost dead.
You constrict Eustachio. Eustachio hits you with a +0 rapier!
You die...

######## †......## ###
####....#### #.# #
###'##♣~~♣#.###### #
#~~♣# ♣~'......#######
#
#†♣♣~♣#♣~#.#..........#
# #~
#♣~♣~♣###..........# #
#♣#♣~~~♣#♣#......######
######♣~♣~♣# ~##@@>.##
##...#~♣#♣~♣♣~###.###
.....'P♣ #♣~†# #..#
####.##~~♣##'###@###
#.# ####...@..... ###
##.##..... #.##.....
#......... ...###..S..


You could see Eustachio.

Vanquished Creatures
  3 adders (D:4)
  A hobgoblin (D:4)
  A ball python (D:4)
5 creatures vanquished.

Notes
Turn   | Place    | Note
-------+----------+-------------------------------------------
     0 | D:5      | suse60 the Octopode Delver began the quest for the Orb.
     0 | D:5      | Reached XP level 1. HP: 16/16 MP: 1/1
    27 | D:4      | Reached XP level 2. HP: 21/21 MP: 2/2
    97 | D:4      | Found an opulent altar of Gozag.
    97 | D:4      | Noticed a black bear
   123 | D:4      | Reached XP level 3. HP: 26/26 MP: 3/3
   127 | D:4      | Noticed Eustachio
   180 | D:4      | Mangled by Eustachio

Illustrated notes

Levels and vault maps discovered:
D:4:      layout_rooms, nicolae_gozag_seed_capital, saegor_snake_ambush,
          uniq_eustachio
D:5:      nicolae_cairo_tiling_large, layout_loops_cross,
          makhleb_altar_promises_db, minmay_temple_entry_mini_moons, uniq_pikel

Action                     || total
---------------------------++-------
  Melee: Short sword       ||    20
         Constrict         ||     4
         Punch             ||     1
         Tentacles         ||     3
    Use: Scroll            ||     1
         Potion            ||     1
   Stab: Sleeping          ||     2
         Distracted        ||     1
  Dodge: Dodged            ||     6
